Predators vs Capitals
Created - November 14, 2017 at 19:30
Goals
|
| Predators |
0 |
2 |
3 |
5 |
| Capitals |
0 |
2 |
1 |
3 |
|
Shots
|
| Predators |
14 |
13 |
9 |
36 |
| Capitals |
6 |
20 |
9 |
35 |
|
1st period
No Goal
Penalties :
Mike Hoffman (Was) for Hooking (Minor) at 3:19, Barret Jackman (Nas) for Holding (Minor) at 12:00
2nd period
1. Predators , Kris Vernarsky 3 (Adam Burish 8, Alexander Edler 8) at 1:18
2. Predators , Niclas Bergfors 6 (Dmitri Kalinin 9, John Moore 6) at 13:15
3. Capitals , Jaromir Jagr 9 (Joe Thornton 10, Artemi Panarin 7) at 15:34
4. Capitals , Tyler Seguin 2 (Mats Zuccarello 8) at 15:40 (PP)
Penalties :
Brendan Gallagher (Nas) for Tripping (Minor) at 4:07, Erik Karlsson (Was) for Hooking (Minor) at 6:26, Barret Jackman (Nas) for Slashing (Minor) at 15:37, Barret Jackman (Nas) for Roughing (Minor) at 19:44
3rd period
5. Capitals , Joe Thornton 10 (Patrick Marleau 8, Jaromir Jagr 9) at 0:10 (PP)
6. Predators , Niclas Bergfors 7 (Mikael Granlund 8) at 1:02 (PP)
7. Predators , John Moore 3 (Ryan Kesler 7) at 1:17
8. Predators , Andy Miele 3 (Alexander Ovechkin 10, Byron Bitz 9) at 19:12
Penalties :
Paul Martin (Was) for Tripping (Minor) at 0:36, Patrick Marleau (Was) for Slashing (Minor) at 2:26, Roman Josi (Was) for Slashing (Minor) at 7:18, Justin Abdelkader (Nas) for Holding (Minor) at 13:52
Goalie Stats
Viktor Fasth (Nas), 32 saves from 35 shots - (0.914), W, 10-4-0, 60:00 minutes
Jake Allen (Was), 31 saves from 36 shots - (0.861), L, 2-1-0, 60:00 minutes
Players Stats for Predators
Player Name G A P +/- PIM S H SB GA TA FO MP PP MP PK MP
------------------------------------------------------------------------------------
Adam Burish 0 1 1 0 0 4 0 0 1 0 0/0 11:04 0:00 1:37
Alexander Edler 0 1 1 0 0 1 1 2 1 1 0/0 28:24 5:08 3:30
Alexander Ovechkin 0 1 1 2 0 2 1 1 1 0 1/1 21:46 4:24 1:22
Alexander Steen 0 0 0 0 0 1 2 0 1 0 1/1 17:13 3:58 1:14
Andy Miele 1 0 1 2 0 1 2 0 0 2 5/9 11:48 0:00 3:27
Barret Jackman 0 0 0 1 6 1 1 0 0 1 0/0 11:16 0:00 0:00
Brendan Gallagher 0 0 0 1 2 0 4 0 0 0 2/4 20:08 4:21 0:00
Brett Clark 0 0 0 0 0 1 0 2 0 1 0/0 14:09 0:00 2:56
Byron Bitz 0 1 1 1 0 5 2 0 0 0 1/1 15:17 0:00 3:21
Dmitri Kalinin 0 1 1 2 0 1 2 1 1 0 0/0 17:11 3:14 0:00
James Van Riemsdyk 0 0 0 0 0 2 1 0 0 1 0/0 8:52 0:03 0:00
John Moore 1 1 2 3 0 2 1 2 0 0 0/0 20:38 3:14 2:56
Justin Abdelkader 0 0 0 1 2 3 0 0 0 1 0/0 9:51 0:00 0:00
Kris Vernarsky 1 0 1 0 0 1 0 0 0 1 5/5 7:14 0:00 0:00
Mikael Granlund 0 1 1 0 0 1 3 0 0 0 0/7 16:04 3:58 0:14
Niclas Bergfors 2 0 2 1 0 5 1 0 1 0 0/0 11:22 3:58 0:00
Ryan Kesler 0 1 1 1 0 4 1 1 1 0 18/36 22:48 4:24 1:37
Ryan Mcdonagh 0 0 0 0 0 1 1 2 0 0 0/0 28:24 5:08 3:30
Players Stats for Capitals
Player Name G A P +/- PIM S H SB GA TA FO MP PP MP PK MP
------------------------------------------------------------------------------------
Artemi Panarin 0 1 1 1 0 0 2 0 0 0 0/0 18:12 2:22 0:56
Brian Boyle 0 0 0 -1 0 2 0 0 0 0 3/5 9:56 0:00 0:26
Chris Kunitz 0 0 0 -1 0 1 1 1 1 0 0/0 11:52 0:19 0:00
Christian Ehrhoff 0 0 0 0 0 0 0 0 0 0 0/0 16:18 2:05 3:03
Dan Boyle 0 0 0 -2 0 2 2 0 2 2 0/0 30:50 3:05 6:06
Erik Karlsson 0 0 0 -1 2 0 1 0 1 2 0/0 19:07 3:21 2:07
Jaromir Jagr 1 1 2 0 0 2 1 1 0 0 0/0 23:26 3:17 4:56
Jay Beagle 0 0 0 -1 0 0 0 0 0 0 0/2 4:40 0:00 0:00
Joe Thornton 1 1 2 0 0 6 0 2 0 0 15/27 23:26 3:17 4:56
Mats Zuccarello 0 1 1 -1 0 6 1 1 0 0 1/2 18:42 2:50 2:30
Matt Carle 0 0 0 0 0 2 1 0 0 1 0/0 13:50 1:16 0:41
Mike Hoffman 0 0 0 -1 2 0 0 0 0 0 0/0 4:49 0:00 0:00
Patrick Marleau 0 1 1 -2 2 6 1 0 1 0 1/3 19:19 3:31 1:50
Paul Martin 0 0 0 -2 2 1 2 0 0 0 0/0 27:49 3:05 4:47
Roman Josi 0 0 0 -1 2 0 0 0 0 1 0/0 12:41 0:00 0:00
Shane Doan 0 0 0 -1 0 2 0 0 1 1 0/0 8:47 0:19 1:10
T.J. Oshie 0 0 0 -1 0 3 0 1 1 0 0/2 12:00 0:33 0:00
Tyler Seguin 1 0 1 -1 0 2 0 0 1 0 11/23 15:48 2:50 0:00
3 Stars
1 - John Moore (Nas)
2 - Niclas Bergfors (Nas)
3 - Andy Miele (Nas)
Power Play
Predators - 1 on 6 Attempt(s) - 16.67%
Capitals - 2 on 5 Attempt(s) - 40.00%
Penalty Kill
Predators - 3 on 5 Attempt(s) - 60.00%
- Score 0 goal in Penalty Kill
Capitals - 5 on 6 Attempt(s) - 83.33%
- Score 0 goal in Penalty Kill
Team Stat
Predators - Hits : 23 - Faceoff Wins : 33 - Blocked Shots : 11 - Penalty Minutes : 10
Capitals - Hits : 12 - Faceoff Wins : 31 - Blocked Shots : 6 - Penalty Minutes : 10
Official
Referees : O'Rourke Dan and StPierre Justin
Linesman : Mark Shewchyk and Bryan Pancich
Game Notes
17:38 of 1st period - Penalty Shot by Jaromir Jagr for Capitals - Shot Misses the Net
Christian Ehrhoff is injured at 5:26 of 3rd period (Bruised Right Shoulder)
Finance
Level 1 -- Attendance: 6000 (100.00%) -- Ticket Income $492,000
Level 2 -- Attendance: 5000 (100.00%) -- Ticket Income $235,000
Level 3 -- Attendance: 1862 (93.10%) -- Ticket Income $59,584
Level 4 -- Attendance: 4000 (100.00%) -- Ticket Income $84,000
Luxury Box -- Attendance: 874 (87.40%) -- Ticket Income $146,832
Game was played at the Verizon Center.
Total Attendance: 17736 (98.53%)
Total Ticket Income: $1,017,416
Other Income: $152,612
Total Income: $1,170,028
Predators
5 vs 5 Forward
Center Left Wing Right Wing Time % Phy DF OF
1 Ryan Kesler Alexander Ovechkin Brendan Gallagher 40 1 2 2
2 Mikael Granlund Alexander Steen Byron Bitz 30 1 2 2
3 Andy Miele Justin Abdelkader Niclas Bergfors 20 1 2 2
4 Kris Vernarsky James Van Riemsdyk Adam Burish 10 1 2 2
5 vs 5 Defense
Defense Defense Time % Phy DF OF
1 Ryan Mcdonagh Alexander Edler 40 1 2 2
2 John Moore Dmitri Kalinin 30 1 2 2
3 Brett Clark Barret Jackman 20 1 2 2
4 Brett Clark Barret Jackman 10 1 2 2
PowerPlay Forward
Center Left Wing Right Wing Time % Phy DF OF
1 Ryan Kesler Alexander Ovechkin Brendan Gallagher 60 1 0 4
2 Mikael Granlund Alexander Steen Niclas Bergfors 40 1 0 4
PowerPlay Defense
Defense Defense Time % Phy DF OF
1 Ryan Mcdonagh Alexander Edler 60 1 1 3
2 Dmitri Kalinin John Moore 40 1 1 3
Penalty Kill 4 Players Forward
Center Wing Time % Phy DF OF
1 Andy Miele Byron Bitz 60 1 2 2
2 Ryan Kesler Adam Burish 40 1 2 2
Penalty Kill 4 Players Defense
Defense Defense Time % Phy DF OF
1 Ryan Mcdonagh Alexander Edler 60 1 3 1
2 John Moore Brett Clark 40 1 3 1
Penalty Kill - 3 Players Forward
Forward Time % Phy DF OF
1 Byron Bitz 60 1 3 1
2 Adam Burish 40 1 3 1
Penalty Kill - 3 Players Defense
Defense Defense Time % Phy DF OF
1 Ryan Mcdonagh Alexander Edler 60 1 3 1
2 John Moore Brett Clark 40 1 3 1
4 vs 4 Forward
Center Wing Time % Phy DF OF
1 Ryan Kesler Alexander Ovechkin 60 1 1 3
2 Mikael Granlund Niclas Bergfors 40 1 2 2
4 vs 4 Defense
Defense Defense Time % Phy DF OF
1 Ryan Mcdonagh Alexander Edler 60 1 1 3
2 John Moore Dmitri Kalinin 40 1 2 2
Last Minutes Offensive
Center Left Wing Right Wing Defense Defense
Ryan Kesler Alexander Ovechkin Niclas Bergfors Ryan Mcdonagh Alexander Edler
Last Minutes Defensive
Center Left Wing Right Wing Defense Defense
Andy Miele Alexander Ovechkin Byron Bitz John Moore Ryan Mcdonagh
Goaltenders
Starting : Viktor Fasth
Backup : Chad Johnson
Extra Forwards
Normal : James Van Riemsdyk, Adam Burish, Justin Abdelkader - PP : James Van Riemsdyk, Justin Abdelkader - PK : Alexander Ovechkin
Extra Defensemen
Normal : Dmitri Kalinin, Brett Clark, Barret Jackman - PP : Brett Clark - PK : Barret Jackman, Brett Clark
Penalty Shots
Alexander Ovechkin, Niclas Bergfors, Ryan Kesler, Andy Miele, Justin Abdelkader
Scratches
Andrej Meszaros (Healthy)
Capitals
5 vs 5 Forward
Center Left Wing Right Wing Time % Phy DF OF
1 Joe Thornton Artemi Panarin Jaromir Jagr 37 1 2 2
2 Tyler Seguin Patrick Marleau Mats Zuccarello 33 1 2 2
3 Brian Boyle Chris Kunitz T.J. Oshie 20 1 2 2
4 Jay Beagle Mike Hoffman Shane Doan 10 1 2 2
5 vs 5 Defense
Defense Defense Time % Phy DF OF
1 Dan Boyle Paul Martin 40 1 2 2
2 Christian Ehrhoff Erik Karlsson 30 1 2 2
3 Matt Carle Roman Josi 20 1 2 2
4 Dan Boyle Paul Martin 10 1 2 2
PowerPlay Forward
Center Left Wing Right Wing Time % Phy DF OF
1 Joe Thornton Patrick Marleau Jaromir Jagr 60 1 2 2
2 Tyler Seguin Artemi Panarin Mats Zuccarello 40 1 2 2
PowerPlay Defense
Defense Defense Time % Phy DF OF
1 Dan Boyle Paul Martin 60 1 2 2
2 Christian Ehrhoff Erik Karlsson 40 1 2 2
Penalty Kill 4 Players Forward
Center Wing Time % Phy DF OF
1 Joe Thornton Jaromir Jagr 60 1 2 2
2 Patrick Marleau Mats Zuccarello 40 1 2 2
Penalty Kill 4 Players Defense
Defense Defense Time % Phy DF OF
1 Dan Boyle Paul Martin 60 1 2 2
2 Christian Ehrhoff Erik Karlsson 40 1 2 2
Penalty Kill - 3 Players Forward
Forward Time % Phy DF OF
1 Joe Thornton 60 1 2 2
2 Jaromir Jagr 40 1 2 2
Penalty Kill - 3 Players Defense
Defense Defense Time % Phy DF OF
1 Dan Boyle Paul Martin 60 1 2 2
2 Christian Ehrhoff Erik Karlsson 40 1 2 2
4 vs 4 Forward
Center Wing Time % Phy DF OF
1 Joe Thornton Jaromir Jagr 60 1 2 2
2 Patrick Marleau Mats Zuccarello 40 1 2 2
4 vs 4 Defense
Defense Defense Time % Phy DF OF
1 Dan Boyle Paul Martin 60 1 2 2
2 Christian Ehrhoff Erik Karlsson 40 1 2 2
Last Minutes Offensive
Center Left Wing Right Wing Defense Defense
Joe Thornton Patrick Marleau Jaromir Jagr Dan Boyle Paul Martin
Last Minutes Defensive
Center Left Wing Right Wing Defense Defense
Joe Thornton Patrick Marleau Jaromir Jagr Dan Boyle Paul Martin
Goaltenders
Starting : Jake Allen
Backup : Craig Anderson
Extra Forwards
Normal : T.J. Oshie, Chris Kunitz, Shane Doan - PP : T.J. Oshie, Chris Kunitz - PK : Shane Doan
Extra Defensemen
Normal : Erik Karlsson, Paul Martin, Christian Ehrhoff - PP : Matt Carle - PK : Paul Martin, Christian Ehrhoff
Penalty Shots
Joe Thornton, Jaromir Jagr, Patrick Marleau, Mats Zuccarello, Tyler Seguin
Scratches
Chris Phillips (Healthy), Christian Ehrhoff (Bruised Right Shoulder Injury)
% Time on Ice - Predators
Lines # - Real PCT - Wanted PCT - Time Play
Normal Forward
1 - 35% - 40% - 15:39
2 - 32% - 30% - 14:09
3 - 17% - 20% - 7:51
4 - 16% - 10% - 7:14
Normal Defense
1 - 44% - 40% - 19:46
2 - 32% - 30% - 14:12
3 - 19% - 20% - 8:23
4 - 6% - 10% - 2:32
PP Forward
1 - 53% - 60% - 4:24
2 - 47% - 40% - 3:58
PP Defense
1 - 61% - 60% - 5:08
2 - 39% - 40% - 3:14
PK Forward
1 - 75% - 60% - 4:49
2 - 25% - 40% - 1:37
PK Defense
1 - 54% - 60% - 3:30
2 - 46% - 40% - 2:56
PK3 Forward
1 - 0% - 60%
2 - 0% - 40%
PK3 Defense
1 - 0% - 60%
2 - 0% - 40%
44 Forward
1 - 0% - 60%
2 - 0% - 40%
44 Defense
1 - 0% - 60%
2 - 0% - 40%
Last Minute Offensive - 0:00
Last Minute Defensive - 0:19
Total
Forward - 60:00
Defense - 60:00
|
% Time on Ice - Capitals
Lines # - Real PCT - Wanted PCT - Time Play
Normal Forward
1 - 40% - 37% - 17:46
2 - 30% - 33% - 13:22
3 - 20% - 20% - 8:56
4 - 10% - 10% - 4:40
Normal Defense
1 - 40% - 40% - 18:03
2 - 30% - 30% - 13:33
3 - 26% - 20% - 11:50
4 - 3% - 10% - 1:18
PP Forward
1 - 56% - 60% - 3:36
2 - 44% - 40% - 2:50
PP Defense
1 - 48% - 60% - 3:05
2 - 52% - 40% - 3:21
PK Forward
1 - 70% - 60% - 5:52
2 - 30% - 40% - 2:30
PK Defense
1 - 60% - 60% - 4:59
2 - 40% - 40% - 3:23
PK3 Forward
1 - 0% - 60%
2 - 0% - 40%
PK3 Defense
1 - 0% - 60%
2 - 0% - 40%
44 Forward
1 - 0% - 60%
2 - 0% - 40%
44 Defense
1 - 0% - 60%
2 - 0% - 40%
Last Minute Offensive - 0:28
Last Minute Defensive - 0:00
Total
Forward - 60:00
Defense - 60:00
|
Play by Play
1st period
0:01 of 1st period - Joe Thornton wins face-off versus Ryan Kesler in neutral zone.
0:26 of 1st period - Alexander Edler is hit by Mats Zuccarello and loses puck.
0:53 of 1st period - Wrist shot by Justin Abdelkader.
0:53 of 1st period - Stopped by Jake Allen without a rebound.
0:54 of 1st period - Kris Vernarsky wins face-off versus Jay Beagle in Capitals zone.
1:22 of 1st period - Dmitri Kalinin is hit by Matt Carle and loses puck.
1:51 of 1st period - Wrist shot by Mats Zuccarello.
1:51 of 1st period - Stopped by Viktor Fasth with a rebound.
2:13 of 1st period - Snap shot by Byron Bitz.
2:13 of 1st period - Stopped by Jake Allen without a rebound.
2:14 of 1st period - Joe Thornton wins face-off versus Ryan Kesler in Capitals zone.
2:41 of 1st period - Tyler Seguin is hit by Byron Bitz and loses puck.
3:19 of 1st period - Minor Penalty to Mike Hoffman for Hooking.
3:20 of 1st period - Ryan Kesler wins face-off versus Joe Thornton in Capitals zone.
3:29 of 1st period - Snap shot by Alexander Ovechkin.
3:29 of 1st period - Shot Blocked by Jaromir Jagr.
5:19 of 1st period - Penalty to Mike Hoffman is over, Mike Hoffman is back on ice.
5:40 of 1st period - Snap shot by Chris Kunitz.
5:40 of 1st period - Shot Misses the Net.
5:58 of 1st period - Backhand shot by Mats Zuccarello.
5:58 of 1st period - Stopped by Viktor Fasth with a rebound.
6:00 of 1st period - Slapshot by Matt Carle.
6:00 of 1st period - Shot Misses the Net.
6:31 of 1st period - Snap shot by Chris Kunitz.
6:31 of 1st period - Deflect By T.J. Oshie.
6:31 of 1st period - Shot Blocked by Dmitri Kalinin.
6:31 of 1st period - Puck is out of play.
6:32 of 1st period - Ryan Kesler wins face-off versus Brian Boyle in Predators zone.
6:32 of 1st period - Ryan Kesler is hit by Chris Kunitz.
6:40 of 1st period - Backhand shot by Brendan Gallagher.
6:40 of 1st period - Shot Blocked by T.J. Oshie.
6:50 of 1st period - Wrist shot by Chris Kunitz.
6:50 of 1st period - Shot Blocked by Brett Clark.
6:52 of 1st period - Snap shot by T.J. Oshie.
6:52 of 1st period - Stopped by Viktor Fasth with a rebound.
6:54 of 1st period - Wrist shot by Brian Boyle.
6:54 of 1st period - Deflect By Chris Kunitz.
6:54 of 1st period - Shot Misses the Net.
6:54 of 1st period - Puck is out of play.
6:55 of 1st period - Joe Thornton wins face-off versus Mikael Granlund in Predators zone.
7:04 of 1st period - Slapshot by Alexander Edler.
7:04 of 1st period - Stopped by Jake Allen without a rebound.
7:05 of 1st period - Joe Thornton wins face-off versus Mikael Granlund in Capitals zone.
7:05 of 1st period - Joe Thornton is hit by Mikael Granlund.
7:30 of 1st period - Snap shot by Jaromir Jagr.
7:30 of 1st period - Shot Misses the Net.
7:36 of 1st period - Christian Ehrhoff is hit by Mikael Granlund and loses puck.
8:31 of 1st period - Wrist shot by Byron Bitz.
8:31 of 1st period - Stopped by Jake Allen without a rebound.
8:32 of 1st period - Ryan Kesler wins face-off versus Tyler Seguin in Capitals zone.
8:33 of 1st period - Slapshot by Alexander Ovechkin.
8:33 of 1st period - Shot Misses the Net.
8:35 of 1st period - Slapshot by Brett Clark.
8:35 of 1st period - Shot Misses the Net.
8:37 of 1st period - Slapshot by Brett Clark.
8:37 of 1st period - Stopped by Jake Allen without a rebound.
8:38 of 1st period - Tyler Seguin wins face-off versus Ryan Kesler in Capitals zone.
9:43 of 1st period - Snap shot by Mats Zuccarello.
9:43 of 1st period - Stopped by Viktor Fasth with a rebound.
9:45 of 1st period - Snap shot by Dan Boyle.
9:45 of 1st period - Stopped by Viktor Fasth with a rebound.
9:50 of 1st period - Slapshot by Patrick Marleau.
9:50 of 1st period - Shot Blocked by John Moore.
10:26 of 1st period - Slapshot by Justin Abdelkader.
10:26 of 1st period - Stopped by Jake Allen without a rebound.
10:27 of 1st period - Tyler Seguin wins face-off versus Ryan Kesler in Capitals zone.
10:52 of 1st period - Jaromir Jagr is hit by Barret Jackman and loses puck.
12:00 of 1st period - Minor Penalty to Barret Jackman for Holding.
12:01 of 1st period - Andy Miele wins face-off versus Joe Thornton in Predators zone.
12:15 of 1st period - Andy Miele is hit by Paul Martin and loses puck.
14:00 of 1st period - Penalty to Barret Jackman is over, Barret Jackman is back on ice.
14:04 of 1st period - Snap shot by Shane Doan.
14:04 of 1st period - Stopped by Viktor Fasth without a rebound.
14:05 of 1st period - Kris Vernarsky wins face-off versus T.J. Oshie in Predators zone.
14:20 of 1st period - Snap shot by Adam Burish.
14:20 of 1st period - Stopped by Jake Allen with a rebound.
14:32 of 1st period - Jay Beagle is hit by Brendan Gallagher and loses puck.
15:01 of 1st period - Barret Jackman is hit by Artemi Panarin and loses puck.
15:16 of 1st period - Wrist shot by Tyler Seguin.
15:16 of 1st period - Shot Misses the Net.
15:40 of 1st period - Snap shot by T.J. Oshie.
15:40 of 1st period - Shot Blocked by Ryan Mcdonagh.
15:42 of 1st period - Slapshot by Chris Kunitz.
15:42 of 1st period - Shot Misses the Net.
15:44 of 1st period - Slapshot by Chris Kunitz.
15:44 of 1st period - Shot Hit the Post.
15:46 of 1st period - Slapshot by Paul Martin.
15:46 of 1st period - Shot Misses the Net.
15:48 of 1st period - Slapshot by Chris Kunitz.
15:48 of 1st period - Shot Blocked by Alexander Ovechkin.
16:04 of 1st period - Snap shot by Kris Vernarsky.
16:04 of 1st period - Shot Misses the Net.
16:25 of 1st period - Erik Karlsson is hit by Alexander Steen and loses puck.
16:40 of 1st period - Wrist shot by Niclas Bergfors.
16:40 of 1st period - Stopped by Jake Allen without a rebound.
16:41 of 1st period - Andy Miele wins face-off versus Tyler Seguin in Capitals zone.
16:46 of 1st period - Snap shot by Justin Abdelkader.
16:46 of 1st period - Stopped by Jake Allen without a rebound.
16:47 of 1st period - Ryan Kesler wins face-off versus Tyler Seguin in Capitals zone.
16:50 of 1st period - Wrist shot by Ryan Kesler.
16:50 of 1st period - Stopped by Jake Allen with a rebound.
16:52 of 1st period - Snap shot by Brendan Gallagher.
16:52 of 1st period - Shot Misses the Net.
16:54 of 1st period - Slapshot by Dmitri Kalinin.
16:54 of 1st period - Shot Blocked by Mats Zuccarello.
16:56 of 1st period - Snap shot by Ryan Kesler.
16:56 of 1st period - Shot Misses the Net.
16:58 of 1st period - Snap shot by Alexander Ovechkin.
16:58 of 1st period - Stopped by Jake Allen with a rebound.
17:00 of 1st period - Slapshot by Dmitri Kalinin.
17:00 of 1st period - Stopped by Jake Allen without a rebound.
17:01 of 1st period - Tyler Seguin wins face-off versus Ryan Kesler in Capitals zone.
17:01 of 1st period - Tyler Seguin is hit by Ryan Kesler.
17:26 of 1st period - Joe Thornton is hit by Byron Bitz and loses puck.
17:38 of 1st period - Penalty Shot by Jaromir Jagr for Capitals.
17:38 of 1st period - Snap shot by Jaromir Jagr.
17:38 of 1st period - Shot Misses the Net.
17:39 of 1st period - Ryan Kesler wins face-off versus Tyler Seguin in Capitals zone.
17:55 of 1st period - Snap shot by Ryan Kesler.
17:55 of 1st period - Stopped by Jake Allen with a rebound.
18:31 of 1st period - Andy Miele is hit by Paul Martin and loses puck.
19:46 of 1st period - Wrist shot by Niclas Bergfors.
19:46 of 1st period - Deflect By Paul Martin.
19:46 of 1st period - Stopped by Jake Allen with a rebound.
19:54 of 1st period - Paul Martin is hit by Dmitri Kalinin and loses puck.
Goals for this period are 0 for Predators vs 0 for Capitals.
Shots for this period are 14 for Predators vs 6 for Capitals.
2nd period
0:01 of 2nd period - Ryan Kesler wins face-off versus Tyler Seguin in neutral zone.
0:30 of 2nd period - Snap shot by Mikael Granlund.
0:30 of 2nd period - Shot Blocked by Joe Thornton.
1:18 of 2nd period - Wrist shot by Kris Vernarsky.
1:18 of 2nd period - Goal by Kris Vernarsky - Predators : 1 - Capitals : 0.
1:19 of 2nd period - Tyler Seguin wins face-off versus Brendan Gallagher in neutral zone.
1:26 of 2nd period - Wrist shot by Patrick Marleau.
1:26 of 2nd period - Shot Misses the Net.
1:28 of 2nd period - Slapshot by Dan Boyle.
1:28 of 2nd period - Stopped by Viktor Fasth with a rebound.
1:30 of 2nd period - Slapshot by Dan Boyle.
1:30 of 2nd period - Shot Misses the Net.
1:32 of 2nd period - Slapshot by Dan Boyle.
1:32 of 2nd period - Shot Blocked by John Moore.
1:34 of 2nd period - Backhand shot by Patrick Marleau.
1:34 of 2nd period - Stopped by Viktor Fasth with a rebound.
1:54 of 2nd period - Icing by Dmitri Kalinin.
1:55 of 2nd period - Tyler Seguin wins face-off versus Mikael Granlund in Predators zone.
2:56 of 2nd period - Snap shot by Mikael Granlund.
2:56 of 2nd period - Stopped by Jake Allen without a rebound.
2:57 of 2nd period - Joe Thornton wins face-off versus Ryan Kesler in Capitals zone.
2:57 of 2nd period - Joe Thornton is hit by Brendan Gallagher.
3:13 of 2nd period - Artemi Panarin is hit by Brendan Gallagher and loses puck.
3:20 of 2nd period - Artemi Panarin is hit by Alexander Ovechkin and loses puck.
3:37 of 2nd period - Dan Boyle is hit by Ryan Mcdonagh.
4:02 of 2nd period - Wrist shot by Artemi Panarin.
4:02 of 2nd period - Shot Blocked by Ryan Mcdonagh.
4:07 of 2nd period - Minor Penalty to Brendan Gallagher for Tripping.
4:08 of 2nd period - Andy Miele wins face-off versus Tyler Seguin in Predators zone.
4:22 of 2nd period - Snap shot by Byron Bitz.
4:22 of 2nd period - Stopped by Jake Allen with a rebound.
5:16 of 2nd period - Icing by Dan Boyle.
5:17 of 2nd period - Joe Thornton wins face-off versus Andy Miele in Capitals zone.
5:45 of 2nd period - Wrist shot by Ryan Kesler.
5:45 of 2nd period - Shot Misses the Net.
5:47 of 2nd period - Slapshot by Adam Burish.
5:47 of 2nd period - Stopped by Jake Allen without a rebound.
5:48 of 2nd period - Ryan Kesler wins face-off versus Patrick Marleau in Capitals zone.
5:55 of 2nd period - Snap shot by Ryan Kesler.
5:55 of 2nd period - Stopped by Jake Allen with a rebound.
6:07 of 2nd period - Penalty to Brendan Gallagher is over, Brendan Gallagher is back on ice.
6:26 of 2nd period - Minor Penalty to Erik Karlsson for Hooking.
6:27 of 2nd period - Brendan Gallagher wins face-off versus Joe Thornton in Capitals zone.
6:40 of 2nd period - Snap shot by Ryan Kesler.
6:40 of 2nd period - Stopped by Jake Allen without a rebound.
6:41 of 2nd period - Joe Thornton wins face-off versus Ryan Kesler in Capitals zone.
7:23 of 2nd period - Slapshot by Niclas Bergfors.
7:23 of 2nd period - Stopped by Jake Allen without a rebound.
7:24 of 2nd period - Ryan Kesler wins face-off versus Patrick Marleau in Capitals zone.
8:26 of 2nd period - Penalty to Erik Karlsson is over, Erik Karlsson is back on ice.
8:35 of 2nd period - Slapshot by Erik Karlsson.
8:35 of 2nd period - Shot Blocked by Alexander Edler.
8:43 of 2nd period - Wrist shot by Mats Zuccarello.
8:43 of 2nd period - Stopped by Viktor Fasth with a rebound.
8:45 of 2nd period - Snap shot by Mats Zuccarello.
8:45 of 2nd period - Stopped by Viktor Fasth with a rebound.
8:47 of 2nd period - Slapshot by Christian Ehrhoff.
8:47 of 2nd period - Shot Misses the Net.
8:49 of 2nd period - Snap shot by Patrick Marleau.
8:49 of 2nd period - Stopped by Viktor Fasth without a rebound.
8:50 of 2nd period - Brian Boyle wins face-off versus Mikael Granlund in Predators zone.
9:15 of 2nd period - Roman Josi is hit by Dmitri Kalinin and loses puck.
9:57 of 2nd period - Icing by Jaromir Jagr.
9:58 of 2nd period - Kris Vernarsky wins face-off versus Tyler Seguin in Capitals zone.
10:13 of 2nd period - Snap shot by Patrick Marleau.
10:13 of 2nd period - Stopped by Viktor Fasth with a rebound.
10:27 of 2nd period - Slapshot by Joe Thornton.
10:27 of 2nd period - Stopped by Viktor Fasth without a rebound.
10:28 of 2nd period - Ryan Kesler wins face-off versus Joe Thornton in Predators zone.
10:41 of 2nd period - Wrist shot by Alexander Ovechkin.
10:41 of 2nd period - Stopped by Jake Allen without a rebound.
10:42 of 2nd period - Tyler Seguin wins face-off versus Brendan Gallagher in Capitals zone.
10:49 of 2nd period - Snap shot by Mats Zuccarello.
10:49 of 2nd period - Stopped by Viktor Fasth with a rebound.
10:51 of 2nd period - Wrist shot by Paul Martin.
10:51 of 2nd period - Shot Misses the Net.
10:53 of 2nd period - Snap shot by Tyler Seguin.
10:53 of 2nd period - Stopped by Viktor Fasth with a rebound.
10:55 of 2nd period - Slapshot by Patrick Marleau.
10:55 of 2nd period - Stopped by Viktor Fasth without a rebound.
10:56 of 2nd period - Joe Thornton wins face-off versus Ryan Kesler in Predators zone.
11:36 of 2nd period - Slapshot by Chris Kunitz.
11:36 of 2nd period - Stopped by Viktor Fasth without a rebound.
11:37 of 2nd period - Joe Thornton wins face-off versus Ryan Kesler in Predators zone.
11:40 of 2nd period - Snap shot by Joe Thornton.
11:40 of 2nd period - Stopped by Viktor Fasth without a rebound.
11:41 of 2nd period - Joe Thornton wins face-off versus Ryan Kesler in Predators zone.
11:41 of 2nd period - Joe Thornton is hit by John Moore.
11:43 of 2nd period - Snap shot by Artemi Panarin.
11:43 of 2nd period - Shot Misses the Net.
12:15 of 2nd period - Slapshot by Byron Bitz.
12:15 of 2nd period - Stopped by Jake Allen with a rebound.
12:43 of 2nd period - Chris Kunitz is hit by Andy Miele and loses puck.
12:59 of 2nd period - Wrist shot by Niclas Bergfors.
12:59 of 2nd period - Shot Misses the Net.
13:15 of 2nd period - Wrist shot by Niclas Bergfors.
13:15 of 2nd period - Goal by Niclas Bergfors - Predators : 2 - Capitals : 0.
13:16 of 2nd period - Joe Thornton wins face-off versus Ryan Kesler in neutral zone.
14:40 of 2nd period - Snap shot by Joe Thornton.
14:40 of 2nd period - Stopped by Viktor Fasth with a rebound.
15:10 of 2nd period - Wrist shot by Joe Thornton.
15:10 of 2nd period - Stopped by Viktor Fasth with a rebound.
15:24 of 2nd period - Snap shot by Joe Thornton.
15:24 of 2nd period - Shot Misses the Net.
15:34 of 2nd period - Snap shot by Joe Thornton.
15:34 of 2nd period - Deflect By Jaromir Jagr.
15:34 of 2nd period - Goal by Jaromir Jagr - Predators : 2 - Capitals : 1.
15:35 of 2nd period - Ryan Kesler wins face-off versus Tyler Seguin in neutral zone.
15:37 of 2nd period - Minor Penalty to Barret Jackman for Slashing.
15:38 of 2nd period - Tyler Seguin wins face-off versus Andy Miele in Predators zone.
15:40 of 2nd period - Slapshot by Tyler Seguin.
15:40 of 2nd period - Goal by Tyler Seguin - Predators : 2 - Capitals : 2.
15:41 of 2nd period - Tyler Seguin wins face-off versus Ryan Kesler in neutral zone.
16:18 of 2nd period - Snap shot by T.J. Oshie.
16:18 of 2nd period - Shot Misses the Net.
17:08 of 2nd period - Roman Josi is hit by James Van Riemsdyk and loses puck.
17:23 of 2nd period - Slapshot by Shane Doan.
17:23 of 2nd period - Stopped by Viktor Fasth with a rebound.
17:25 of 2nd period - Snap shot by Mike Hoffman.
17:25 of 2nd period - Shot Blocked by Brett Clark.
17:27 of 2nd period - Snap shot by Jay Beagle.
17:27 of 2nd period - Shot Misses the Net.
17:29 of 2nd period - Slapshot by Matt Carle.
17:29 of 2nd period - Stopped by Viktor Fasth with a rebound.
18:36 of 2nd period - Snap shot by Mikael Granlund.
18:36 of 2nd period - Shot Blocked by Joe Thornton.
19:16 of 2nd period - Snap shot by Adam Burish.
19:16 of 2nd period - Stopped by Jake Allen with a rebound.
19:18 of 2nd period - Snap shot by James Van Riemsdyk.
19:18 of 2nd period - Stopped by Jake Allen with a rebound.
19:20 of 2nd period - Snap shot by James Van Riemsdyk.
19:20 of 2nd period - Shot Misses the Net.
19:22 of 2nd period - Snap shot by James Van Riemsdyk.
19:22 of 2nd period - Stopped by Jake Allen without a rebound.
19:23 of 2nd period - Ryan Kesler wins face-off versus Mats Zuccarello in Capitals zone.
19:36 of 2nd period - Snap shot by Patrick Marleau.
19:36 of 2nd period - Shot Misses the Net.
19:38 of 2nd period - Slapshot by Matt Carle.
19:38 of 2nd period - Stopped by Viktor Fasth with a rebound.
19:44 of 2nd period - Minor Penalty to Barret Jackman for Roughing.
19:45 of 2nd period - Andy Miele wins face-off versus Joe Thornton in Predators zone.
19:56 of 2nd period - Slapshot by Paul Martin.
19:56 of 2nd period - Shot Blocked by Alexander Edler.
19:58 of 2nd period - Snap shot by Joe Thornton.
19:58 of 2nd period - Stopped by Viktor Fasth without a rebound.
19:59 of 2nd period - Byron Bitz wins face-off versus Joe Thornton in Predators zone.
Goals for this period are 2 for Predators vs 2 for Capitals.
Shots for this period are 13 for Predators vs 20 for Capitals.
3rd period
0:01 of 3rd period - Joe Thornton wins face-off versus Andy Miele in neutral zone.
0:10 of 3rd period - Snap shot by Joe Thornton.
0:10 of 3rd period - Goal by Joe Thornton - Predators : 2 - Capitals : 3.
0:11 of 3rd period - Mats Zuccarello wins face-off versus Ryan Kesler in neutral zone.
0:36 of 3rd period - Minor Penalty to Paul Martin for Tripping.
0:37 of 3rd period - Joe Thornton wins face-off versus Ryan Kesler in Capitals zone.
1:02 of 3rd period - Slapshot by Niclas Bergfors.
1:02 of 3rd period - Goal by Niclas Bergfors - Predators : 3 - Capitals : 3.
1:03 of 3rd period - Ryan Kesler wins face-off versus Tyler Seguin in neutral zone.
1:17 of 3rd period - Slapshot by John Moore.
1:17 of 3rd period - Goal by John Moore - Predators : 4 - Capitals : 3.
1:18 of 3rd period - Ryan Kesler wins face-off versus Tyler Seguin in neutral zone.
1:27 of 3rd period - Snap shot by Ryan Kesler.
1:27 of 3rd period - Shot Misses the Net.
1:48 of 3rd period - Joe Thornton is hit by Alexander Edler and loses puck.
2:09 of 3rd period - Wrist shot by Chris Kunitz.
2:09 of 3rd period - Deflect By Brian Boyle.
2:09 of 3rd period - Shot Misses the Net.
2:09 of 3rd period - Puck is out of play.
2:10 of 3rd period - Ryan Kesler wins face-off versus Brian Boyle in Predators zone.
2:21 of 3rd period - Wrist shot by Brett Clark.
2:21 of 3rd period - Shot Blocked by Chris Kunitz.
2:23 of 3rd period - Slapshot by Barret Jackman.
2:23 of 3rd period - Stopped by Jake Allen without a rebound.
2:24 of 3rd period - Tyler Seguin wins face-off versus Mikael Granlund in Capitals zone.
2:26 of 3rd period - Minor Penalty to Patrick Marleau for Slashing.
2:27 of 3rd period - Ryan Kesler wins face-off versus Joe Thornton in Capitals zone.
4:26 of 3rd period - Penalty to Patrick Marleau is over, Patrick Marleau is back on ice.
4:44 of 3rd period - Snap shot by Patrick Marleau.
4:44 of 3rd period - Stopped by Viktor Fasth without a rebound.
4:45 of 3rd period - Kris Vernarsky wins face-off versus Jay Beagle in Predators zone.
5:25 of 3rd period - Christian Ehrhoff is hit by Andy Miele and loses puck.
5:26 of 3rd period - Christian Ehrhoff from Capitals is injured at 5:26 of 3rd period (Bruised Right Shoulder).
5:27 of 3rd period - Tyler Seguin wins face-off versus Ryan Kesler in Capitals zone.
5:27 of 3rd period - Tyler Seguin is hit by Brendan Gallagher.
5:53 of 3rd period - Paul Martin is hit by Mikael Granlund and loses puck.
6:26 of 3rd period - Off-side.
6:27 of 3rd period - Ryan Kesler wins face-off versus Tyler Seguin in neutral zone.
7:18 of 3rd period - Minor Penalty to Roman Josi for Slashing.
7:19 of 3rd period - Joe Thornton wins face-off versus Mikael Granlund in Capitals zone.
7:50 of 3rd period - Wrist shot by Alexander Steen.
7:50 of 3rd period - Stopped by Jake Allen without a rebound.
7:51 of 3rd period - Patrick Marleau wins face-off versus Ryan Kesler in Capitals zone.
9:18 of 3rd period - Penalty to Roman Josi is over, Roman Josi is back on ice.
9:32 of 3rd period - Wrist shot by Jaromir Jagr.
9:32 of 3rd period - Stopped by Viktor Fasth without a rebound.
9:33 of 3rd period - Kris Vernarsky wins face-off versus Tyler Seguin in Predators zone.
9:58 of 3rd period - Mats Zuccarello is hit by Alexander Steen and loses puck.
10:05 of 3rd period - Snap shot by Alexander Steen.
10:05 of 3rd period - Shot Misses the Net.
10:07 of 3rd period - Slapshot by John Moore.
10:07 of 3rd period - Stopped by Jake Allen without a rebound.
10:08 of 3rd period - Brian Boyle wins face-off versus Ryan Kesler in Capitals zone.
10:21 of 3rd period - Wrist shot by Brian Boyle.
10:21 of 3rd period - Stopped by Viktor Fasth with a rebound.
10:23 of 3rd period - Wrist shot by Brian Boyle.
10:23 of 3rd period - Stopped by Viktor Fasth without a rebound.
10:24 of 3rd period - Alexander Steen wins face-off versus Joe Thornton in Predators zone.
10:40 of 3rd period - Off-side.
10:41 of 3rd period - Tyler Seguin wins face-off versus Ryan Kesler in neutral zone.
11:06 of 3rd period - Alexander Edler is hit by Artemi Panarin and loses puck.
11:25 of 3rd period - Slapshot by Paul Martin.
11:25 of 3rd period - Deflect By Niclas Bergfors.
11:25 of 3rd period - Stopped by Viktor Fasth with a rebound.
11:27 of 3rd period - Slapshot by T.J. Oshie.
11:27 of 3rd period - Deflect By John Moore.
11:27 of 3rd period - Stopped by Viktor Fasth without a rebound.
11:28 of 3rd period - Brian Boyle wins face-off versus Andy Miele in Predators zone.
11:33 of 3rd period - Slapshot by T.J. Oshie.
11:33 of 3rd period - Stopped by Viktor Fasth without a rebound.
11:34 of 3rd period - Alexander Ovechkin wins face-off versus Joe Thornton in Predators zone.
12:27 of 3rd period - Tyler Seguin is hit by Niclas Bergfors.
12:37 of 3rd period - Slapshot by Mats Zuccarello.
12:37 of 3rd period - Shot Misses the Net.
12:39 of 3rd period - Snap shot by Patrick Marleau.
12:39 of 3rd period - Stopped by Viktor Fasth with a rebound.
12:45 of 3rd period - Snap shot by Tyler Seguin.
12:45 of 3rd period - Deflect By John Moore.
12:45 of 3rd period - Shot Misses the Net.
12:45 of 3rd period - Puck is out of play.
12:46 of 3rd period - Ryan Kesler wins face-off versus Joe Thornton in Predators zone.
13:18 of 3rd period - Slapshot by Mikael Granlund.
13:18 of 3rd period - Shot Hit the Post.
13:20 of 3rd period - Wrist shot by Brett Clark.
13:20 of 3rd period - Deflect By Byron Bitz.
13:20 of 3rd period - Stopped by Jake Allen with a rebound.
13:52 of 3rd period - Minor Penalty to Justin Abdelkader for Holding.
13:53 of 3rd period - Andy Miele wins face-off versus Joe Thornton in Predators zone.
14:10 of 3rd period - Andy Miele is hit by Patrick Marleau and loses puck.
14:23 of 3rd period - Slapshot by Erik Karlsson.
14:23 of 3rd period - Shot Blocked by Ryan Kesler.
15:52 of 3rd period - Penalty to Justin Abdelkader is over, Justin Abdelkader is back on ice.
15:53 of 3rd period - Ryan Kesler is hit by Dan Boyle and loses puck.
15:59 of 3rd period - Icing by Justin Abdelkader.
16:00 of 3rd period - Ryan Kesler wins face-off versus T.J. Oshie in Predators zone.
16:14 of 3rd period - Ryan Kesler is hit by Dan Boyle and loses puck.
16:30 of 3rd period - Alexander Edler is hit by Erik Karlsson.
16:41 of 3rd period - Snap shot by T.J. Oshie.
16:41 of 3rd period - Shot Misses the Net.
17:49 of 3rd period - Snap shot by Adam Burish.
17:49 of 3rd period - Stopped by Jake Allen with a rebound.
17:51 of 3rd period - Slapshot by Ryan Mcdonagh.
17:51 of 3rd period - Stopped by Jake Allen without a rebound.
17:52 of 3rd period - Joe Thornton wins face-off versus Mikael Granlund in Capitals zone.
18:03 of 3rd period - Snap shot by Artemi Panarin.
18:03 of 3rd period - Shot Misses the Net.
18:48 of 3rd period - Brett Clark is hit by Jaromir Jagr.
19:10 of 3rd period - Wrist shot by Andy Miele.
19:10 of 3rd period - Shot Misses the Net.
19:12 of 3rd period - Wrist shot by Andy Miele.
19:12 of 3rd period - Goal by Andy Miele - Predators : 5 - Capitals : 3.
19:13 of 3rd period - Brendan Gallagher wins face-off versus Joe Thornton in neutral zone.
19:26 of 3rd period - Snap shot by James Van Riemsdyk.
19:26 of 3rd period - Shot Misses the Net.
Goals for this period are 3 for Predators vs 1 for Capitals.
Shots for this period are 9 for Predators vs 9 for Capitals.
Back to the Top